 Dungeon Crawl Stone Soup version 0.29-a0-397-g846e4a0bbc (webtiles) character file.

Game seed: 11397822681898394728

215 kevlar127 the Ruffian (level 5, -2/81 HPs)
             Began as a Troll Berserker on May 12, 2022.
             Was a Believer of Trog.
             Slain by a wight
             ... wielding a +0 spear
              (5 damage)
             ... on level 3 of the Dungeon.
             The game lasted 00:02:54 (1381 turns).

kevlar127 the Ruffian (Troll Berserker)             Turns: 1381, Time: 00:02:55

Health: -2/81      AC:  4    Str: 27    XL:     5   Next: 60%
Magic:  4/4        EV: 10    Int:  3    God:    Trog [**....]
Gold:   133        SH:  0    Dex:  9    Spells: 4/4 levels left

rFire   . . .      SeeInvis .     - Unarmed
rCold   . . .      Faith    .   (no shield)
rNeg    . . .      Spirit   .   a - +0 animal skin
rPois   .          Reflect  .   (helmet restricted)
rElec   .          Harm     .   (no cloak)
rCorr   .          Rampage  .   (gloves unavailable)
Will    .....                   (boots unavailable)
Stlth   ..........              (no amulet)
HPRegen 1.03/turn               j - +4 ring of slaying
MPRegen 0.09/turn               (no ring)

@: berserking (expiring), very quick
A: large, unfitting armour, claws 3, regeneration 1, shaggy fur 1, tough skin 1
a: Renounce Religion, Berserk, Trog's Hand


You were on level 3 of the Dungeon.
You worshipped Trog.
Trog was pleased with you.
You visited 1 branch of the dungeon, and saw 3 of its levels.

You collected 133 gold pieces.

Inventory:

Missiles
 c - 49 stones (quivered)
Armour
 a - a +0 animal skin (worn)
Jewellery
 j - a +4 ring of slaying (left claw)
Scrolls
 e - a scroll of amnesia {unknown}
 f - 4 scrolls of identify {unknown}
 h - a scroll of poison {unknown}
 i - a scroll of immolation {unknown}
 k - a scroll of summoning {unknown}
 m - a scroll of fear {unknown}
 n - a scroll of magic mapping {unknown}
 o - a scroll of vulnerability {unknown}
Potions
 b - a potion of mutation {unknown}
 d - a potion of might {unknown}
 g - 2 potions of heal wounds {unknown}
 l - 2 potions of haste {unknown}
 p - 2 potions of ambrosia {unknown}


   Skills:
 + Level 4.1 Fighting
 - Level 2.4 Dodging
 + Level 4.9 Unarmed Combat


You had 4 spell levels left.
You didn't know any spells.
Your spell library was empty.

Dungeon Overview and Level Annotations

Branches:
Dungeon (3/15)

Altars:


Innate Abilities, Weirdness & Mutations

You are too large for most types of armour.
You have claws for hands.
Your natural rate of healing is unusually fast.
You are covered in fur. (AC +1)
You have tough skin. (AC +1)


Message History

You have reached level 4!
You claw the wight!
The wight is severely damaged.
The wight closely misses you. x2; The hobgoblin closely misses you.
You mangle the wight!!
You destroy the wight!
Trog accepts your kill.
The wight hits you from afar with a +0 spear.
* * * LOW HITPOINT WARNING * * *
The hobgoblin hits you.
* * * LOW HITPOINT WARNING * * *
You have reached level 5!
You scratch the hobgoblin.
The hobgoblin is severely wounded.
The hobgoblin hits you but does no damage.
You barely miss the hobgoblin.
The hobgoblin is severely wounded.
The wight hits you from afar with a +0 spear.
* * * LOW HITPOINT WARNING * * *
The hobgoblin hits you.
* * * LOW HITPOINT WARNING * * *
You mangle the hobgoblin!!
You kill the hobgoblin!
Trog accepts your kill. The wight closely misses you.
The wight barely misses you.
You claw the wight!
The wight is severely damaged.
You claw the wight!
You destroy the wight!
Trog accepts your kill. The wight barely misses you.
Your Fighting skill increases to level 4!
You barely miss the wight. The wight hits you with a +0 spear.
* * * LOW HITPOINT WARNING * * *
You closely miss the wight. The wight hits you but does no damage.
You barely miss the wight. You claw the wight!
The wight is heavily damaged.
The wight hits you with a +0 spear.
You die...

....##...............#
.....#####........###.#
....>..........#.###.#
...#.###............#
..#.......##.......#
#.#......#####.##..###
#####.#..#...#
#........
#....?...)...#
#....)...
#........@)###
#...).... #.......z..#
#........ ...........#
#........ ...........#
#........ ...........#
#.......< ...........#
#........ #...........#
#########
#.............
.<.........##.#


You could see a wight.

Vanquished Creatures
  3 wights (D:3)
  2 adders
  A worm (D:2)
  4 ball pythons
  2 endoplasms
  2 giant cockroaches (D:2)
  3 hobgoblins
  8 jackals
  2 kobolds
  A quokka (D:3)
  2 bats (D:2)
  3 frilled lizards
  2 goblins
  5 rats
40 creatures vanquished.

Notes
Turn   | Place    | Note
-------+----------+-------------------------------------------
     0 | D:1      | kevlar127 the Troll Berserker began the quest for the Orb.
     0 | D:1      | Reached XP level 1. HP: 22/22 MP: 0/0
   179 | D:1      | Reached XP level 2. HP: 29/29 MP: 1/1
   952 | D:2      | Reached XP level 3. HP: 37/37 MP: 2/2
   958 | D:2      | Reached ** piety under Trog
  1359 | D:3      | Noticed a wight
  1359 | D:3      | Noticed a wight
  1360 | D:3      | Noticed a wight
  1362 | D:3      | Noticed a wight
  1369 | D:3      | Killed a wight
  1370 | D:3      | Reached XP level 4. HP: 10/45 MP: 3/3
  1372 | D:3      | Reached XP level 5. HP: 8/54 MP: 4/4
  1373 | D:3      | HP: 3/81 [wight/+0 spear (6)]
  1373 | D:3      | HP: 1/81 [hobgoblin (2)]
  1378 | D:3      | HP: 1/81 [wight/+0 spear (4)]
  1381 | D:3      | Slain by a wight

Illustrated notes

Levels and vault maps discovered:
D:1:      saegor_arrival_simple_e, layout_basic, nicolae_figureground_pulse
D:2:      layout_rooms, grunt_ministairs_3, minmay_circle_x
D:3:      layout_rooms, nicolae_overflow_crystal_walls

Skill      XL: |  1  2  3  4  5 |
---------------+----------------+-----
Fighting       | 3 4 |  4.1
Unarmed Combat | 4 |  4.9
Dodging        | |  2.4

Action                   |  1- 3 |  4- 6 || total
-------------------------+-------+-------++-------
Melee: Unarmed           |    81 |    11 ||    92
       Punch             |     1 |       ||     1
Invok: Berserk           |     1 |       ||     1
Armor: Animal skin       |    25 |     2 ||    27
Dodge: Dodged            |    40 |     6 ||    46

Table legend: (Time is in decaauts)
 A = Elapsed time spent in this place.
 B = Non-inter-level travel time spent in this place.
 C = Inter-level travel time spent in this place.
 D = Time resting spent in this place.
 E = Time spent auto-exploring this place.
 F = Levels seen in this place.
 G = Mean time per level.
                   A        B        C        D        E       F      G
               +--------+--------+--------+--------+--------+-----+--------+
         Total |   1369 |   1310 |     59 |      0 |   1102 |   3 |  456.3 |
       Dungeon |   1369 |   1310 |     59 |      0 |   1102 |   3 |  456.3 |
               +--------+--------+--------+--------+--------+-----+--------+

Top non-repeatable levels by time:
     D:1: 837 daAuts
     D:2: 439 daAuts
     D:3: 92 daAuts
